 Dungeon Crawl Stone Soup version 0.28-a0-519-gbfeecf2fc5 (webtiles) character file.

Game seed: 15423001874061417914

359 Tocho the Ogre Mage (level 6, -1/55 HPs)
             Began as an Ogre Fire Elementalist on Sept 23, 2021.
             Was an Initiate of Vehumet.
             Slain by an adder (3 damage)
             ... on level 4 of the Dungeon.
             The game lasted 00:09:39 (6226 turns).

Tocho the Ogre Mage (Ogre Fire Elementalist)        Turns: 6226, Time: 00:09:41

Health: -1/55      AC:  3    Str: 13    XL:     6   Next: 65%
Magic:  5/13       EV: 10    Int: 17    God:    Vehumet [......]
Gold:   196        SH:  0    Dex: 10    Spells: 9/14 levels left

rFire   . . .      SeeInvis .   p - +0 long sword
rCold   . . .      Faith    .   (no shield)
rNeg    . . .      Spirit   .   a - +0 robe
rPois   .          Reflect  .   (helmet restricted)
rElec   .          Harm     .   (no cloak)
rCorr   .          Rampage  .   (gloves unavailable)
Will    .....                   (boots unavailable)
Stlth   ++........              i - amulet of magic regeneration
HPRegen 0.18/turn               (no ring)
MPRegen 0.38/turn               (no ring)

@: lethally poisoned (-1 -> -9), about to teleport
A: large, unfitting armour, tough skin 1
a: Renounce Religion


You were on level 4 of the Dungeon.
You worshipped Vehumet.
Vehumet was noncommittal.
You visited 2 branches of the dungeon, and saw 5 of its levels.

You collected 196 gold pieces.

Inventory:

Hand Weapons
 f - a +1 dagger of holy wrath
 p - a +0 long sword (weapon)
Missiles
 b - 14 poisoned darts
Armour
 a - a +0 robe (worn)
 l - a +0 robe
Jewellery
 d - an amulet of guardian spirit
 i - an amulet of magic regeneration (around neck)
 o - an amulet of reflection
Wands
 j - a wand of mindburst (9)
Scrolls
 c - 2 scrolls of noise
 e - a scroll of vulnerability {unknown}
 g - 6 scrolls of teleportation
 k - 2 scrolls of blinking
 m - 2 scrolls of identify
Potions
 h - a potion of lignification {unknown}
 n - 2 potions of mutation {unknown}
 q - a potion of brilliance {unknown}


   Skills:
 + Level 1.3 Fighting
 + Level 0.8 Short Blades
 * Level 3.2 Dodging
 - Level 1.6 Stealth
 - Level 0.1 Unarmed Combat
 + Level 4.7 Spellcasting
 + Level 1.1 Conjurations
 + Level 0.3 Translocations
 + Level 4.2 Fire Magic


You had 9 spell levels left.
You knew the following spells:

 Your Spells              Type           Power      Damage    Failure   Level
a - Foxfire               Conj/Fire      52%        2x1d6     4%          1
b - Scorch                Fire           36%        2d6       4%          2
c - Blink                 Tloc           N/A        N/A       19%         2

Your spell library contained the following spells:

 Spells                   Type           Power      Damage    Failure   Level
 Conjure Flame            Conj/Fire      13%        6-21      14%         3
 Inner Flame              Hex/Fire       11%        N/A       19%         3
 Flame Wave               Conj/Fire      13%        3d5       43%         4
 Manifold Assault         Tloc           5%         N/A       98%         5
 Storm Form               Tmut/Air       2%         N/A       100%        7


Dungeon Overview and Level Annotations

Branches:
Dungeon (4/15)             Temple (1/1) D:4

Altars:
Ashenzari
Cheibriados
Dithmenos
Elyvilon
Fedhas
Gozag
Kikubaaqudgha
Makhleb
Nemelex Xobeh
Okawaru
Sif Muna
Uskayaw
Vehumet
Wu Jian
Xom
Yredelemnul

Annotations:
D:4 1 runed translucent door, SkeletonJelly's ghost, amateur OgMo


Innate Abilities, Weirdness & Mutations

You are too large for most types of armour.
You have tough skin. (AC +1)


Message History

Flames lash the quokka.
The quokka is almost dead.
The quokka's fire resistance burns away.
The bullfrog barely misses you. The adder barely misses you.
The bullfrog hits you!
Casting: Scorch (safe; 4% risk of failure)
Confirm with . or Enter, or press ? or * to list all spells.
Flames lash the quokka.
The quokka is burned terribly!
You kill the quokka!
Vehumet accepts your kill. The adder bites you but does no damage.
The bullfrog closely misses you.
Unknown command.
Casting: Scorch (safe; 4% risk of failure)
Confirm with . or Enter, or press ? or * to list all spells.
Flames lash the rat.
You kill the rat!
Vehumet accepts your kill.
The bullfrog is no longer more vulnerable to fire.
The bullfrog hits you. The adder barely misses you. The bullfrog misses you.
The adder bites you.
* * * LOW HITPOINT WARNING * * *
You are poisoned.
The adder poisons you!
Casting: Scorch (safe; 4% risk of failure)
Confirm with . or Enter, or press ? or * to list all spells.
Flames lash SkeletonJelly's ghost.
SkeletonJelly's ghost resists.
SkeletonJelly's ghost is lightly damaged.
SkeletonJelly's ghost's fire resistance burns away.
You feel sick. The bullfrog barely misses you.
The adder bites you but does no damage.
You feel sick. The bullfrog closely misses you.
SkeletonJelly's ghost whispers, "There is no future for you."
As you read the scroll of teleportation, it crumbles to dust.
You feel strangely unstable.
You feel sick. The adder bites you.
* * * LOW HITPOINT WARNING * * *
You are more poisoned.
The adder poisons you! The bullfrog hits you!
* * * LOW HITPOINT WARNING * * *
The adder bites you.
You die...

##.......#FSS# ##.####..## #.
##..####..#≈≈r# ##..##..# ##.
#..## ####≈W≈# ##....## #.. ..##
#≈?≈# #....# #.. ..## #≈≈≈#
##...# ####.. ...# ###≈r≈# ##.##
#..... ...## ##.#≈≈≈# #########
#.#### ....####..#≈≈≈###......#
#.# ......#..###'##S@......#
###.### .........##..†WF#####..#
###'### .........###...##
#..####⌠.⌠### .....#.........#
##.....'.>.#.. .....#........##
##...####⌠.⌠### .....#.........#
##....# #######
........#####..###..#############
........# #...#....## #........
........# #.........###........


You could see a bullfrog, SkeletonJelly's ghost (combustible) and an adder.

Vanquished Creatures
  An ogre (D:4)
  A phantom (D:4)
  A jelly (D:4)
  An orc wizard (D:4)
  5 adders
  A worm (D:2)
  3 dart slugs
  3 orcs (D:4)
  8 endoplasms
  A giant cockroach (D:1)
  8 goblins
  6 hobgoblins
  10 jackals
  5 quokkas
  5 ball pythons
  6 bats
  4 frilled lizards
  4 kobolds (D:1)
  4 rats
77 creatures vanquished.

Vanquished Creatures (others)
  An orc wizard (D:4)
  36 foxfires (D:1)
37 creatures vanquished.

Grand Total: 114 creatures vanquished

Notes
Turn   | Place    | Note
-------+----------+-------------------------------------------
     0 | D:1      | Tocho the Ogre Fire Elementalist began the quest for the
                  | Orb.
     0 | D:1      | Reached XP level 1. HP: 16/16 MP: 3/3
   164 | D:1      | Reached XP level 2. HP: 13/24 MP: 1/5
   597 | D:1      | Reached skill level 1 in Conjurations
   863 | D:1      | Learned a level 2 spell: Scorch
  1107 | D:1      | Reached XP level 3. HP: 31/31 MP: 1/7
  1334 | D:1      | Found a faded altar of an unknown god.
  2229 | D:2      | Reached XP level 4. HP: 24/39 MP: 1/8
  2761 | D:2      | Found an ornate altar of the Wu Jian Council.
  3149 | D:2      | Learned a level 2 spell: Blink
  3788 | D:3      | Found a shadowy altar of Dithmenos.
  4208 | D:4      | Reached XP level 5. HP: 46/46 MP: 5/10
  4223 | D:4      | Found a staircase to the Ecumenical Temple.
  4272 | Temple   | Entered the Ecumenical Temple
  4461 | Temple   | Became a worshipper of Vehumet
  4495 | D:4      | Found a runed translucent door.
  4499 | D:4      | Noticed SkeletonJelly's ghost (amateur OgMo)
  4593 | D:4      | Noticed an ogre
  4599 | D:4      | Killed an ogre
  4600 | D:4      | Reached skill level 1 in Fighting
  4710 | D:4      | Found a runed translucent door.
  4913 | D:4      | Noticed a phantom
  4934 | D:4      | Reached XP level 6. HP: 48/55 MP: 6/12
  6226 | D:4      | HP: 2/55 [bullfrog (7)]
  6226 | D:4      | Slain by an adder

Illustrated notes

Levels and vault maps discovered:
D:1:      mrwooster_arrival_statue_2, layout_loops_ring,
          chequers_ecumenical_altar_grove, chequers_avenue
D:2:      layout_loops_ring, basic_altar
D:3:      layout_basic, interstate_on_off, kennysheep_flooded_box
D:4:      layout_layer_cave, temple_doors_cd, ebering_ghost_sewer_f,
          chequers_serial_rivers_small_a, minmay_puff
Temple:   eino_temple_rhombus

Skill      XL: |  1  2  3  4  5  6 |
---------------+-------------------+-----
Dodging        | 2 3 |  3.2
Conjurations   | 1 |  1.1
Fire Magic     | 3 4 |  4.2
Spellcasting   | 3 4 |  4.7
Fighting       | 1 |  1.3
Short Blades   | |  0.8
Stealth        | |  1.6
Unarmed Combat | |  0.1
Translocations | |  0.3

Action                   |  1- 3 |  4- 6 || total
-------------------------+-------+-------++-------
Melee: Unarmed           |    56 |       ||    56
       Dagger            |    40 |    84 ||   124
       Short sword       |    17 |       ||    17
       Long sword        |       |     3 ||     3
 Cast: Foxfire           |    22 |       ||    22
       Scorch            |    15 |    48 ||    63
       Blink             |       |     2 ||     2
  Use: Scroll            |       |     8 ||     8
 Stab: Sleeping          |     2 |       ||     2
Armor: Robe              |    44 |    34 ||    78
Dodge: Dodged            |    63 |    67 ||   130

Table legend: (Time is in decaauts)
 A = Elapsed time spent in this place.
 B = Non-inter-level travel time spent in this place.
 C = Inter-level travel time spent in this place.
 D = Time resting spent in this place.
 E = Time spent auto-exploring this place.
 F = Levels seen in this place.
 G = Mean time per level.
                   A        B        C        D        E       F      G
               +--------+--------+--------+--------+--------+-----+--------+
         Total |   6225 |   6012 |    213 |      0 |   5272 |   5 | 1245.0 |
       Dungeon |   6024 |   5829 |    195 |      0 |   5104 |   4 | 1506.0 |
        Temple |    200 |    182 |     18 |      0 |    168 |   1 |  200.0 |
               +--------+--------+--------+--------+--------+-----+--------+

Top non-repeatable levels by time:
     D:4: 1841 daAuts
     D:1: 1731 daAuts
     D:2: 1448 daAuts
     D:3: 1004 daAuts
  Temple: 200 daAuts
